 Dungeon Crawl Stone Soup version 0.30-a0-368-g86fb4627a9 (webtiles) character file.

Game seed: 5322298317539651820

7 experimilk the Conjurer (level 1, -2/14 HPs)
             Began as a Draconian Conjurer on Nov 19, 2022.
             Slain by a quokka (4 damage)
             ... on level 1 of the Dungeon.
             The game lasted 00:00:33 (181 turns).

experimilk the Conjurer (Draconian Conjurer)         Turns: 181, Time: 00:00:34

Health: -2/14      AC:  4    Str:  9    XL:     1   Next: 83%
Magic:  1/3        EV: 12    Int: 18    God:
Gold:   17         SH:  0    Dex:  9    Spells: 3/4 levels left

rFire   . . .      SeeInvis .    c - +0 dagger
rCold   . . .      Faith    .    (no shield)
rNeg    . . .      Spirit   .    (body armour unavailable)
rPois   .          Reflect  .    (helmet restricted)
rElec   .          Harm     .    (no cloak)
rCorr   .          Rampage  .    (no gloves)
Will    .....                    (no boots)
Stlth   ++........               (no amulet)
HPRegen 0.22/turn                (no ring)
MPRegen 0.08/turn                (no ring)

@: no status effects
A: AC +4, unfitting armour, cold-blooded
a: no special abilities


You were on level 1 of the Dungeon.
You visited 1 branch of the dungeon, and saw 1 of its levels.

You collected 17 gold pieces.

Inventory:

Hand Weapons
 c - a +0 dagger (weapon)
Scrolls
 b - a scroll of noise {unknown}
 d - a scroll of identify {unknown}
Potions
 a - a potion of magic


   Skills:
 - Level 1.7 Dodging
 - Level 1.7 Stealth
 - Level 2.0 Spellcasting
 * Level 4.4 Conjurations


You had 3 spell levels left.
You knew the following spells:

 Your Spells              Type           Power      Damage    Failure   Level
a - Magic Dart            Conj           68%        1d6       3%          1

Your spell library contained the following spells:

 Spells                   Type           Power      Damage    Failure   Level
 Searing Ray              Conj           34%        2d5       4%          2
 Dazzling Flash           Conj/Hex       18%        N/A       22%         3
 Fulminant Prism          Conj/Hex       4%         3d5       58%         4
 Iskenderun's Mystic Bla  Conj/Tloc      9%         2d4       58%         4


Dungeon Overview and Level Annotations

Branches:
Dungeon (1/15)

Altars:


Innate Abilities, Weirdness & Mutations

Your plain brown scales are hard. (AC +4)
You cannot fit into any form of body armour.
You are cold-blooded and may be slowed by cold attacks.


Message History

The jackal barks!
The goblin shouts!
You hear a shout!
A quokka comes into view.
You hear a shout!
The magic dart hits the jackal.
The jackal is almost dead.
You are out of magic!
The jackal closely misses you.
You hit the jackal but do no damage.
The jackal is almost dead.
The goblin misses you.
You closely miss the jackal.
The jackal is almost dead.
The jackal bites you but does no damage.
The jackal barely misses you. The goblin hits you with a +0 club.
The jackal closely misses you.
You closely miss the jackal.
You tail-slap the jackal, but do no damage.
The jackal is almost dead.
The jackal closely misses you.
The jackal bites you but does no damage.
The goblin hits you with a +0 club. The jackal misses you.
You hit the jackal but do no damage.
The jackal is almost dead.
The jackal barely misses you. The jackal misses you.
The goblin hits you but does no damage.
The jackal bites you but does no damage.
You closely miss the jackal.
The jackal is almost dead.
The jackal bites you. The jackal barely misses you.
The goblin closely misses you. The jackal bites you.
You barely miss the jackal. You tail-slap the jackal.
You kill the jackal!
The jackal closely misses you. The goblin hits you with a +0 club.
The jackal bites you.
* * * LOW HITPOINT WARNING * * *
You see here a jackal corpse.
The goblin enters a dispersal trap!
The jackal blinks! x2; The quokka blinks!
You blink.
The goblin blinks!
The quokka bites you.
You die...

... .. ## #..#..#
..##..#..# ........#
#...# .## #...# ..#
.########...##..#####
......†.§............
........§..r@........
........h............
#########....g.####..
##..##.#.. #..##.#.#
#..##.#.# #..##.#.#
#..##.#.#
♣♣♣♣.†##.#.#


You could see a quokka, a jackal and a goblin.

Vanquished Creatures
  A ball python (D:1)
  A goblin (D:1)
  A jackal (D:1)
  A quokka (D:1)
  A bat (D:1)
  A rat (D:1)
6 creatures vanquished.

Notes
Turn   | Place    | Note
-------+----------+-------------------------------------------
     0 | D:1      | experimilk the Draconian Conjurer began the quest for the
                  | Orb.
     0 | D:1      | Reached XP level 1. HP: 14/14 MP: 3/3
   181 | D:1      | Slain by a quokka

Illustrated notes

Levels and vault maps discovered:
D:1:      tarquinn_simple_flora_water_d, layout_basic, serial_shops, shop,
          nicolae_square_shop, shop, serial_bayou, serial_bayou_pond_c,
          serial_bayou_shore_b, serial_bayou_shore_a, serial_bayou_pond_d,
          serial_bayou_crossing, serial_bayou_lagoon_a

Action                   || total
-------------------------++-------
Melee: Dagger            ||     7
       Unarmed           ||     2
       Tailslap          ||     2
 Cast: Magic Dart        ||    10
Armor: Skin              ||     5
Dodge: Dodged            ||    11

Table legend: (Time is in decaauts)
 A = Elapsed time spent in this place.
 B = Non-inter-level travel time spent in this place.
 C = Inter-level travel time spent in this place.
 D = Time resting spent in this place.
 E = Time spent auto-exploring this place.
 F = Levels seen in this place.
 G = Mean time per level.
                   A        B        C        D        E       F      G
               +--------+--------+--------+--------+--------+-----+--------+
         Total |    188 |    188 |      0 |     15 |    127 |   1 |  188.0 |
       Dungeon |    188 |    188 |      0 |     15 |    127 |   1 |  188.0 |
               +--------+--------+--------+--------+--------+-----+--------+

Top non-repeatable levels by time:
     D:1: 188 daAuts
